Map: Ascension to Aiur LE

Players

LINLING - Winner!

  • Race: Zerg Zerg
  • Spawn Location: 11:00

Salvite

  • Race: Protoss Protoss
  • League: Silver
  • Spawn Location: 5:00

VOD

Have the link to the VOD?

Description

Time

  • Played on: June 4, 2017, 1:39 p.m.
  • Length: 10:51
Show
View Real Time Build Order
Export as new Build Order

LINLING Zerg - Winner!

Build Orders: Pool First 

Get SALT Encoding   

  12  0:04  Drone  
  13  0:11  Drone  
  14  0:26  Spawning Pool  
  13  0:30  Drone  
  14  0:36  Extractor  
  14  0:37  Drone  
  14  0:45  Overlord  
  14  1:05  Drone x3  
  17  1:12  Queen  
  19  1:19  Zergling x2  
  20  1:51  Hatchery  
  19  1:57  Drone  
  19  1:58  Drone x2  
  22  2:08  Overlord  
  22  2:23  Metabolic Boost, Baneling Nest  
  20  2:50  Roach Warren  
  19  2:51  Drone  
  19  2:52  Drone x3  
  19  2:55  Extractor  
  22  3:03  Queen  
  24  3:06  Drone  
  25  3:20  Drone x2  
  27  3:32  Lair  
  27  3:34  Drone  
  27  3:35  Drone  
  27  3:37  Zergling x2  
  27  3:38  Zergling x2  
  27  3:41  Zergling x2  
  32  3:50  Overlord  
  32  3:53  Overlord  
  32  4:10  Roach  
  32  4:11  Roach x3  
  40  4:19  Queen  
  42  4:31  Drone x4  
  43  4:33  Drone  
  47  4:39  Glial Reconstitution  
  47  4:44  Overlord  
  47  4:50  Overlord  
  47  5:01  Drone x2  
  47  5:02  Drone x2  
  47  5:04  Extractor  
  50  5:10  Spire  
  49  5:36  Roach x6  
  49  5:37  Roach  
  63  5:43  Zergling x10  
  68  5:57  Spore Crawler  
  68  5:59  Overlord  
  68  6:00  Overlord x2  
  67  6:11  Extractor  
  66  6:21  Ravager x4  
  66  6:25  Baneling x4  
  70  6:26  Baneling  
  70  6:31  Drone x5  
  75  6:40  Centrifical Hooks  
  68  7:51  Drone x4  
  69  7:52  Drone  
  73  8:03  Drone  
  73  8:04  Drone x2  
  73  8:05  Infestation Pit  
  75  8:13  Roach x7  
  75  8:14  Roach  
  91  8:21  Hatchery  
  91  8:22  Overlord x3, Burrow  
  90  8:42  Hive  
  90  8:51  Ravager x4  
  94  10:01  Roach  
  94  10:02  Roach x11  
  118  10:09  Drone  
  118  10:10  Drone x3  
  118  10:12  Overlord x3  
Show
View Real Time Build Order
Export as new Build Order

Salvite Protoss 

Build Orders:  

Get SALT Encoding   

  12  0:01  Probe (Chrono Boost)  
  13  0:15  Pylon  
  13  0:18  Probe (Chrono Boost)  
  15  0:28  Probe (Chrono Boost)  
  15  0:38  Gateway  
  15  0:40  Probe (Chrono Boost)  
  16  0:50  Probe (Chrono Boost)  
  17  1:01  Assimilator  
  17  1:02  Probe (Chrono Boost)  
  18  1:05  Assimilator  
  18  1:13  Probe (Chrono Boost)  
  19  1:23  Probe (Chrono Boost)  
  19  1:34  Probe (Chrono Boost)  
  20  1:40  Cybernetics Core  
  20  1:44  Probe (Chrono Boost)  
  21  1:50  Pylon  
  21  1:55  Probe (Chrono Boost)  
  22  2:05  Probe (Chrono Boost)  
  23  2:16  Probe (Chrono Boost), Warp Gate  
  23  2:19  Adept  
  26  2:27  Mothership Core (Chrono Boost)  
  28  2:45  Probe (Chrono Boost)  
  29  2:58  Nexus  
  29  3:01  Pylon  
  29  3:03  Pylon  
  29  3:11  Gateway  
  29  3:31  Probe (Chrono Boost)  
  30  3:48  Robotics Facility  
  30  3:54  Forge  
  30  3:57  Adept  
  32  4:17  Assimilator  
  32  4:22  Assimilator  
  32  4:25  Pylon  
  32  4:31  Pylon  
  32  4:34  Probe x2 (Chrono Boost)  
  27  5:36  Probe (Chrono Boost)  
  28  5:47  Robotics Bay  
  28  6:02  Pylon  
  28  6:08  Gateway  
  32  6:11  Immortal  
  32  6:37  Extended Thermal Lance  
  32  6:47  Gateway  
  32  6:48  Gateway  
  32  6:50  Immortal, Gateway  
  32  6:51  Gateway  
  32  6:53  Gateway  
  36  7:03  Stalker  
  36  7:04  Stalker  
  28  7:28  Stalker x2  
  28  7:29  Colossus  
  38  8:02  Pylon  
  38  8:04  Pylon  
  38  8:07  Pylon  
  38  8:22  Stalker, Colossus  
  38  8:23  Stalker  
  48  8:31  Probe (Chrono Boost)  
  49  8:41  Probe (Chrono Boost)  
  50  9:16  Warp Prism  
  52  9:29  Stalker x4  
  52  9:30  Stalker x2  
  64  9:38  Zealot  
  66  10:12  Nexus  
  66  10:37  Pylon  
Tags
 
Add a new tag
Caveats
  • Supply blocks, unpowered buildings, or Contaminate may cause inaccurate times.
  • Supply counts are checked every 10 seconds.